 Dungeon Crawl Stone Soup version 0.29.1-1-gd02db6906a (webtiles) character file.

Game seed: 17277022613837977140

851 fireball365 the Chopper (level 7, 0/60 HPs)
             Began as a Minotaur Fighter on Oct 15, 2022.
             Was a Plaything of Xom.
             Slain by a killer bee (3 damage)
             ... on level 5 of the Dungeon.
             The game lasted 00:17:33 (4502 turns).

fireball365 the Chopper (Minotaur Fighter)          Turns: 4502, Time: 00:17:35

Health: 0/60       AC: 12    Str: 20    XL:     7   Next: 69%
Magic:  6/6        EV:  8    Int:  5    God:    Xom [.....*]
Gold:   320        SH:  5    Dex: 12    Spells: 6/6 levels left

rFire   . . .      SeeInvis .   a - +0 war axe
rCold   . . .      Faith    .   c - +0 buckler
rNeg    . . .      Spirit   .   z - +0 chain mail
rPois   .          Reflect  .   (helmet restricted)
rElec   .          Harm     .   (no cloak)
rCorr   .          Rampage  .   i - +1 pair of gloves
Will    .....                   (no boots)
Stlth   ..........              (no amulet)
HPRegen 0.20/turn               (no ring)
MPRegen 0.10/turn               (no ring)

@: lethally poisoned (0 -> -2)
A: horns 2, retaliatory headbutt
a: Renounce Religion


You were on level 5 of the Dungeon.
You worshipped Xom.
You were Xom's teddy bear.
You visited 1 branch of the dungeon, and saw 5 of its levels.

You collected 320 gold pieces.

Inventory:

Hand Weapons
 a - a +0 war axe (weapon)
 w - a +0 scythe
Missiles
 h - 53 stones (quivered)
 s - 4 atropa-tipped darts
 x - 7 poisoned darts
Armour
 b - a +0 scale mail
 c - a +0 buckler (worn)
 i - a +1 pair of gloves (worn)
 z - a +0 chain mail (worn)
Magical Staves
 q - a staff of earth
Wands
 d - a wand of quicksilver (4)
Scrolls
 f - 7 scrolls of identify
 g - a scroll of blinking {unknown}
 l - a scroll of vulnerability {unknown}
 n - a scroll of amnesia {unknown}
 o - a scroll of immolation {unknown}
 p - a scroll of butterflies {unknown}
 u - a scroll of enchant weapon {unknown}
 y - a scroll of enchant armour {unknown}
 C - a scroll of torment {unknown}
Potions
 e - 3 potions of cancellation
 j - a potion of ambrosia {unknown}
 k - a potion of lignification {unknown}
 m - 2 potions of brilliance
 r - a potion of mutation {unknown}
 t - a potion of attraction {unknown}
 v - a potion of curing {unknown}
 A - a potion of heal wounds {unknown}
 B - 2 potions of flight


   Skills:
 + Level 4.9 Fighting
 + Level 7.4 Axes
 + Level 6.0 Armour
 + Level 1.9 Dodging
 + Level 1.0 Stealth
 + Level 5.0 Shields
 + Level 1.2 Evocations


You had 6 spell levels left.
You didn't know any spells.
Your spell library contained the following spells:

 Spells                   Type           Power      Damage    Failure   Level
 Dazzling Flash           Conj/Hex       0%         N/A       100%        3
 Iskenderun's Mystic Bla  Conj/Tloc      0%         2d3       100%        4
 Starburst                Conj/Fire      0%         6d3       100%        6


Dungeon Overview and Level Annotations

Branches:
Dungeon (5/15)
 Temple: D:4-7

Altars:
Xom

Shops:
D:5 *


Innate Abilities, Weirdness & Mutations

You have a pair of horns on your head.
You reflexively headbutt those who attack you in melee.


Message History

The killer bee stings you. x3
The killer bee stings you but does no damage.
The killer bee barely misses you. You furiously retaliate!
You headbutt the killer bee, but do no damage.
The killer bee stings you.
* * * LOW HITPOINT WARNING * * *
Aiming: Quicksilver Bolt
Press: ? - help, Q - select action, (/) - cycle Shift-Dir - straight line, f - killer bee
Aim: a killer bee (heavily wounded, 43% to hit)
The bolt of dispelling energy hits the killer bee!
You kill the killer bee!
You feel sick. The killer bee barely misses you. You furiously retaliate!
You headbutt the killer bee! You block the killer bee's attack.
The killer bee stings you but does no damage. x2
Your Armour skill increases to level 6!
Your Shields skill increases to level 5!
The killer bee attacks as you move away!
The killer bee closely misses you.
You feel sick. The killer bee stings you.
* * * LOW HITPOINT WARNING * * *
The killer bee stings you.
* * * LOW HITPOINT WARNING * * *
Aiming: Quicksilver Bolt
Press: ? - help, Q - select action, (/) - cycle Shift-Dir - straight line, f - killer bee
Aim: a killer bee (43% to hit)
The bolt of dispelling energy hits the killer bee!
The killer bee is almost dead.
You feel sick.
The killer bee stings you but does no damage.
You block the killer bee's attack. The killer bee stings you.
* * * LOW HITPOINT WARNING * * *
The killer bee stings you.
* * * LOW HITPOINT WARNING * * *
You closely miss the killer bee. Your headbutt misses the killer bee.
The killer bee is almost dead.
You barely miss the killer bee.
* * * LOW HITPOINT WARNING * * *
You feel sick. You block the killer bee's attack.
The killer bee stings you but does no damage. x3
The killer bee stings you.
You die...

............#=.
...............≈
...............§≈
#...............§§
+...............≈≈
#....$...........≈
+..............#
#.........yy...###
+........)@..)...# .#
####................# .+
.....#...).⌠.......#
.######..###..∩.####....
.#.......)..#⌠.⌠# ....
.#.########.##### ...
.#.# #.# ..
.#.########.#
............#


You could see 2 killer bees.

Vanquished Creatures
  A scorpion (D:4)
  2 killer bees (D:5)
  A howler monkey (D:3)
  2 orc priests (D:4)
  Ijyb (D:4)
  2 orc wizards (D:4)
  Natasha (twice) (D:3)
  3 iguanas (D:4)
  Robin (D:2)
  5 adders
  5 dart slugs
  9 orcs
  8 endoplasms
  A giant cockroach (D:1)
  5 hobgoblins
  8 jackals
  5 kobolds
  5 quokkas
  8 ball pythons
  3 bats
  2 frilled lizards (D:3)
  16 goblins
  6 rats
101 creatures vanquished.

Vanquished Creatures (collateral kills)
  Sigmund (D:3)
  An orc priest (D:4)
  Natasha (D:3)
  2 adders (D:3)
  An orc (D:4)
  2 ball pythons
  A goblin (D:3)
  A hobgoblin (D:3)
  A frilled lizard (D:3)
  A kobold (D:3)
12 creatures vanquished.

Vanquished Creatures (others)
  24 plants
  5 withered plants (D:1)
29 creatures vanquished.

Grand Total: 142 creatures vanquished

Notes
Turn   | Place    | Note
-------+----------+-------------------------------------------
     0 | D:1      | fireball365 the Minotaur Fighter began the quest for the
                  | Orb.
     0 | D:1      | Reached XP level 1. HP: 19/19 MP: 0/0
   416 | D:1      | Reached XP level 2. HP: 25/27 MP: 1/1
  1071 | D:1      | Found a faded altar of an unknown god.
  1120 | D:1      | Prayed at the altar of an unknown god.
  1120 | D:1      | Became a worshipper of Xom of Chaos
  1262 | D:2      | Noticed Robin
  1265 | D:2      | Reached XP level 3. HP: 33/33 MP: 2/2
  1271 | D:2      | Reached skill level 3 in Axes
  1283 | D:2      | Killed Robin
  1502 | D:2      | XOM: 4-stop teleportation journey
  1601 | D:2      | Reached XP level 4. HP: 35/40 MP: 3/3
  1702 | D:2      | XOM: chaos upgrade
  1777 | D:2      | XOM: noise
  2293 | D:3      | Noticed Natasha
  2300 | D:3      | Killed Natasha
  2301 | D:3      | Reached skill level 4 in Axes
  2375 | D:3      | Noticed Natasha
  2381 | D:3      | XOM: summons 4 friendly demons
  2383 | D:3      | Killed Natasha
  2384 | D:3      | Reached XP level 5. HP: 47/47 MP: 4/4
  2525 | D:3      | Noticed Natasha
  2530 | D:3      | Killed Natasha
  2771 | D:3      | Noticed Sigmund
  2777 | D:3      | Killed Sigmund
  2778 | D:3      | Reached skill level 5 in Axes
  2778 | D:3      | Reached skill level 5 in Armour
  2778 | D:3      | Reached skill level 1 in Dodging
  2778 | D:3      | Reached XP level 6. HP: 48/53 MP: 5/5
  3056 | D:3      | XOM: cloud trail
  3239 | D:3      | XOM: god gift: 50 gold pieces
  3400 | D:4      | Reached skill level 6 in Axes
  3484 | D:4      | Noticed Ijyb
  3484 | D:4      | Paralysed by Ijyb for 5 turns
  3495 | D:4      | XOM: summons friendly white imp
  3498 | D:4      | Killed Ijyb
  3499 | D:4      | Reached XP level 7. HP: 40/60 MP: 6/6
  3522 | D:4      | XOM: divination: detect items
  3525 | D:4      | Reached skill level 1 in Stealth
  3689 | D:4      | XOM: 2-stop teleportation journey
  3753 | D:4      | Reached skill level 7 in Axes
  3813 | D:4      | XOM: silly message
  4449 | D:5      | Entered Level 5 of the Dungeon
  4468 | D:5      | Found Guexer's General Store.
  4476 | D:5      | Reached skill level 1 in Evocations
  4500 | D:5      | Reached skill level 5 in Shields
  4502 | D:5      | HP: 3/60 [poisoned by a killer bee]
  4502 | D:5      | Slain by a killer bee

Illustrated notes

Levels and vault maps discovered:
D:1:      dpeg_arrival_concentric_ovals, layout_basic,
          shapermc_ecumenical_altar_flowoftime, grunt_decor_fettered
D:2:      layout_basic, uniq_robin
D:3:      minmay_skewed_foursquare, layout_loops_ring, serial_bayou_lagoon_b,
          uniq_sigmund, uniq_natasha
D:4:      minmay_wonky_spiral, layout_cave_pools, chequers_avenue, minivault_11,
          roderic_st_hans_cross, uniq_ijyb
D:5:      layout_basic, serial_shops, shop_fountains, nicolae_square_shop,
          shop_fountains, nicolae_shop_trees, nicolae_lakefront_shop

Skill      XL: |  1  2  3  4  5  6  7 |
---------------+----------------------+-----
Fighting       | 4 |  4.9
Armour         | 4 5 6 |  6.0
Shields        | 4 5 |  5.0
Axes           | 3 4 5 6 7 |  7.4
Dodging        | 1 |  1.9
Stealth        | 1 |  1.0
Evocations     | 1 |  1.2

Action                   |  1- 3 |  4- 6 |  7- 9 || total
-------------------------+-------+-------+-------++-------
Melee: War axe           |    89 |   110 |    60 ||   259
       Headbutt          |    11 |    10 |     5 ||    26
Evoke: Wand              |       |       |     3 ||     3
  Use: Potion            |     1 |       |       ||     1
       Scroll            |       |       |     3 ||     3
 Stab: Invisible         |       |     1 |       ||     1
Armor: Scale mail        |    56 |    31 |       ||    87
       Chain mail        |       |    14 |    43 ||    57
Dodge: Dodged            |    45 |    48 |    35 ||   128
Block: Buckler           |    26 |    35 |    21 ||    82
